 Dungeon Crawl Stone Soup version 0.31-a0-1616-gbeaec30b81 (webtiles) character file.

Game seed: 12455442149570537586

155 MisterAzrael the Changeling (level 5, -1/44 HPs)
             Began as a Draconian Shapeshifter on Jan 10, 2024.
             Slain by an orc
             ... wielding a +0 trident
              (4 damage)
             ... on level 3 of the Dungeon.
             The game lasted 00:02:09 (2064 turns).

MisterAzrael the Changeling (DrSh)                  Turns: 2064, Time: 00:02:10

Health: -1/44      AC:  5    Str: 19    XL:     5   Next: 14%
Magic:  5/5        EV: 12    Int: 10    God:
Gold:   123        SH:  0    Dex: 10    Spells: 4/4 levels left

rFire   . .          .
                       - Unarmed
rCold   . . .        (no shield)
rNeg    . . .        (body armour unavailable)
rPois   .            (helmet currently unavailable)
rElec   .            (cloak currently unavailable)
rCorr   .            (gloves currently unavailable)
SInv    .            (boots currently unavailable)
Will    .....        (no amulet)
Stlth   +            (no ring)
HPRegen 0.27/turn    (no ring)
MPRegen 0.09/turn

%: no passive effects
@: beast-form
A: beast (slay +2), AC +5, unfitting armour, cold-blooded
a: Begin Untransformation


You were on level 3 of the Dungeon.
You were a hulking beast.
You visited 1 branch of the dungeon, and saw 4 of its levels.

You collected 123 gold pieces.

Inventory:

Talismans
 b - a beast talisman
 c - a flux talisman
Scrolls
 d - 2 scrolls of noise {unknown}
 e - a scroll of teleportation {unknown}
 f - a scroll of vulnerability {unknown}
 h - a scroll of blinking {unknown}
 i - a scroll of amnesia {unknown}
 k - a scroll of revelation {unknown}
 l - a scroll of identify {unknown}
Potions
 a - 2 potions of lignification
 g - a potion of cancellation {unknown}
 m - a potion of curing {unknown}
 n - a potion of berserk rage {unknown}


   Skills:
 + Level 2.8 Fighting
 - Level 2.0 Dodging
 + Level 3.9 Unarmed Combat
 * Level 4.3 Shapeshifting


You had 4 spell levels left.
You didn't know any spells.
Your spell library was empty.

Dungeon Overview and Level Annotations

Branches:
Dungeon (4/15)
 Temple: D:4-7

Altars:


Innate Abilities, Weirdness & Mutations

You are a hulking beast.
Your limbs bulge with bestial killing power. (Slay +2)
Your plain brown scales are hard. (AC +5)
You cannot fit into any form of body armour.
You are cold-blooded and may be slowed by cold attacks.


Message History

The orc hits you from afar with a +0 trident.
* * * LOW HITPOINT WARNING * * *
You hit the orc priest.
You kill the orc priest!
The orc priest begins to cast a cantrip, but forgets the words!
The orc hits you but does no damage. The orc priest closely misses you.
The orc closely misses you.
Things that are here:
a +0 mace; a +0 short sword; 2 boomerangs You hit the orc priest.
The orc priest is moderately wounded.
The orc priest hits you with a +0 flail.
* * * LOW HITPOINT WARNING * * *
You punch the orc priest!
The orc priest is severely wounded.
The orc barely misses you. The orc priest closely misses you.
You hit the orc priest.
The orc priest is almost dead.
The orc hits you with a +0 trident.
* * * LOW HITPOINT WARNING * * *
The orc priest closely misses you.
You hit the orc priest.
You kill the orc priest!
The orc hits you but does no damage.
You have reached level 5!
You closely miss the orc. The orc hits you with a +0 trident.
* * * LOW HITPOINT WARNING * * *
You hit the orc.
The orc is heavily wounded.
The orc hits you but does no damage.
You hit the orc but do no damage.
The orc is heavily wounded.
The orc closely misses you.
You hit the orc but do no damage.
The orc is heavily wounded.
The orc barely misses you.
You hit the orc but do no damage.
The orc is heavily wounded.
The orc hits you with a +0 trident.
You die...

.........# #.##..##.#
###......# #.##..##.#
#..$...####.##..##.#
###....†...)......##.#
............####.###.#
####.....#..#
#.###.### ###.#.#..#
#.......# ##.)o#.#
#####.#.# ##h##.#
#.#.# #.##.##### #.#.#
#.......)# #.#.#
#.##.###.####.#.#
##########.##.#
#..<[..#.#
#..........##.#
########..
#.########.##.#
#.##.......##.#
#.##.#####.##.#


You could see an orc.

Vanquished Creatures
  A hound (D:4)
  2 orc priests (D:3)
  3 adders
  A ribbon worm (D:2)
  2 orcs (D:3)
  6 endoplasms
  2 giant cockroaches
  7 goblins
  2 hobgoblins (D:2)
  4 ball pythons
  A bat (D:2)
  3 frilled lizards
  4 kobolds
  A rat (D:2)
39 creatures vanquished.

Notes
Turn   | Place    | Note
-------+----------+-------------------------------------------
     0 | D:1      | MisterAzrael the Draconian Shapeshifter began the quest for
                  | the Orb.
     0 | D:1      | Reached XP level 1. HP: 16/16 MP: 1/1
   265 | D:1      | You fall into a shaft and drop 1 floor!
   297 | D:2      | Reached XP level 2. HP: 22/23 MP: 2/2
  1032 | D:2      | Reached XP level 3. HP: 19/29 MP: 3/3
  1547 | D:1      | Found a faded altar of an unknown god.
  1967 | D:4      | Reached XP level 4. HP: 33/37 MP: 4/4
  2016 | D:3      | Reached skill level 4 in Shapeshifting
  2060 | D:3      | Reached XP level 5. HP: 4/44 MP: 5/5
  2060 | D:3      | HP: 2/44 [orc/+0 trident (2)]
  2064 | D:3      | Slain by an orc

Illustrated notes

Levels and vault maps discovered:
D:1:      lemuel_arrival_tunnels, layout_basic, shapermc_ecumenical_altar_petra
D:2:      layout_loops_corners, minmay_pentomino_s2
D:3:      layout_loops_ring, ebering_ghost_sewer_f
D:4:      layout_cave_pools, temple_hall, uniq_blork_the_orc

Skill      XL: |  1  2  3  4 |
---------------+-------------+-----
Dodging        | 2 |  2.0
Fighting       | 2 |  2.8
Shapeshifting  | 4 |  4.3
Unarmed Combat | |  3.9

Action                     |  1- 3 |  4- 6 || total
---------------------------+-------+-------++-------
  Melee: Unarmed           |    96 |    26 ||   122
         Tailslap          |    10 |       ||    10
         Punch             |     1 |     1 ||     2
    Use: Potion            |     2 |       ||     2
   Stab: Distracted        |     1 |       ||     1
         Sleeping          |     1 |       ||     1
 Armour: Skin              |    45 |    16 ||    61
  Dodge: Dodged            |    58 |    23 ||    81

Table legend: (Time is in decaauts)
 A = Elapsed time spent in this place.
 B = Non-inter-level travel time spent in this place.
 C = Inter-level travel time spent in this place.
 D = Time resting spent in this place.
 E = Time spent auto-exploring this place.
 F = Levels seen in this place.
 G = Mean time per level.
                   A        B        C        D        E       F      G
               +--------+--------+--------+--------+--------+-----+--------+
         Total |   2061 |   1971 |     90 |    189 |   1437 |   4 |  515.2 |
       Dungeon |   2061 |   1971 |     90 |    189 |   1437 |   4 |  515.2 |
               +--------+--------+--------+--------+--------+-----+--------+

Top non-repeatable levels by time:
     D:2: 985 daAuts
     D:1: 641 daAuts
     D:3: 282 daAuts
     D:4: 152 daAuts
